 Dungeon Crawl Stone Soup version 0.28-a0-983-g1de4e0787c (webtiles) character file.

Game seed: 11340847714011527312

1306 Decritt the Destroyer (level 8, -3/48 HPs)
             Began as a Deep Elf Conjurer on Dec 3, 2021.
             Was a Follower of Vehumet.
             Slain by Pikel (4 damage)
             ... on level 4 of the Dungeon.
             The game lasted 00:19:04 (8542 turns).

Decritt the Destroyer (Deep Elf Conjurer)           Turns: 8542, Time: 00:19:05

Health: -3/48      AC:  3    Str:  4    XL:     8   Next: 32%
Magic:  9/16       EV: 19    Int: 26    God:    Vehumet [*.....]
Gold:   388        SH:  0    Dex: 19    Spells: 11/15 levels left

rFire   . . .      SeeInvis .   e - staff of conjuration
rCold   . . .      Faith    .   (no shield)
rNeg    . . .      Spirit   .   g - +1 robe {Will+}
rPois   .          Reflect  .   (no helmet)
rElec   .          Harm     .   (no cloak)
rCorr   .          Rampage  .   (no gloves)
Will    +....                   (no boots)
Stlth   ++........              (no amulet)
HPRegen 0.16/turn               j - +4 ring of evasion
MPRegen 0.15/turn               a - +6 ring of dexterity

@: no status effects
A: no striking features
a: Renounce Religion


You were on level 4 of the Dungeon.
You worshipped Vehumet.
Vehumet was aware of your devotion.
You visited 1 branch of the dungeon, and saw 5 of its levels.

You collected 388 gold pieces.

Inventory:

Armour
 g - a +1 robe of willpower (worn)
 n - a +0 leather armour
Magical Staves
 e - a staff of conjuration (weapon)
Jewellery
 a - a +6 ring of dexterity (right hand)
 h - a ring of resist corrosion
 j - a +4 ring of evasion (left hand)
 l - a ring of see invisible
Wands
 c - a wand of flame (18)
Scrolls
 b - a scroll of identify {unknown}
Potions
 d - 2 potions of cancellation {unknown}
 f - 2 potions of heal wounds {unknown}
 k - a potion of curing {unknown}
 o - a potion of might {unknown}
 r - 4 potions of attraction {unknown}
 s - a potion of haste {unknown}


   Skills:
 * Level 4.8 Fighting
 + Level 5.9 Dodging
 - Level 2.4 Stealth
 - Level 4.2 Spellcasting
 * Level 8.3 Conjurations


You had 11 spell levels left.
You knew the following spells:

 Your Spells              Type           Power      Damage    Failure   Level
a - Shock                 Conj/Air       100%       1d9       1%          1
b - Searing Ray           Conj           100%       2d8       1%          2
c - Magic Dart            Conj           100%       1d8       1%          1

Your spell library contained the following spells:

 Spells                   Type           Power      Damage    Failure   Level
 Foxfire                  Conj/Fire      100%       2x1d9     1%          1
 Conjure Flame            Conj/Fire      40%        6-21      4%          3
 Dazzling Flash           Conj/Hex       80%        N/A       4%          3
 Pain                     Necr           20%        1d5       9%          1
 Sandblast                Erth           10%        2d5       9%          1
 Flame Wave               Conj/Fire      40%        2d8       16%         4
 Fulminant Prism          Conj/Hex       20%        3d13      16%         4
 Iskenderun's Mystic Bla  Conj/Tloc      40%        2d9       16%         4
 Inner Flame              Hex/Fire       5%         N/A       26%         3


Dungeon Overview and Level Annotations

Branches:
Dungeon (5/15)
 Temple: D:4-7

Altars:
Fedhas
Uskayaw
Vehumet
The Shining One

Shops:
D:1 (

Annotations:
D:4 Pikel
D:5 3 runed translucent doors, Zigma's ghost, novice OpTm


Message History

Pikel burns you.
The searing ray hits Pikel!
Pikel is moderately wounded.
Pikel hits you with a +2 whip of flaming.
Pikel burns you.
The searing ray hits Pikel.
Pikel is heavily wounded.
Pikel hits you with a +2 whip of flaming.
Pikel burns you.
The searing ray hits Pikel.
Pikel is severely wounded.
You finish channelling your searing ray.
Pikel misses you.
Pikel hits you with a +2 whip of flaming!
* * * LOW HITPOINT WARNING * * *
Pikel burns you.
* * * LOW HITPOINT WARNING * * *
Casting: Searing Ray (safe; 1% risk of failure)
Confirm with . or Enter, or press ? or * to list all spells.
Aiming: Searing Ray (safe; 1% risk of failure)
Press: ? - help, Shift-Dir - straight line, f/p - Pikel
Aim: Pikel, wielding a +2 whip of flaming and wearing a +0 robe (severely wounded, 79% to hit)
You feel a surge of power!
The searing ray hits Pikel.
Pikel is severely wounded. (Press . to maintain the ray.) Pikel hits you with a +2 whip of flaming.
* * * LOW HITPOINT WARNING * * *
Pikel burns you.
* * * LOW HITPOINT WARNING * * *
The searing ray hits Pikel.
Pikel is almost dead.
Pikel hits you with a +2 whip of flaming.
* * * LOW HITPOINT WARNING * * *
Pikel burns you.
* * * LOW HITPOINT WARNING * * *
Okay, then.
Okay, then.
Pikel says, "Hell isn't that bad."
Pikel hits you with a +2 whip of flaming.
You die...

......####....#)#'##.####.#.#
...##....#....#.#..'.'..#.#.#
...##....####.#.#..#.#.⌠#.#)#
...##....####.#.####.####.#.#
...........##.............#)#
##.........##.#############'#####
...........##...................#
...........#.....#..............#
...........#....@#..............#
..####'#####....K#..............#
#.#≈≈≈.≈≈≈##.....#......#########
#.#≈≈≈.≈≈≈##.....#......#
#.#≈≈.≈.≈≈#......##'#####
#.'.(≈♣≈..'......##.#
###≈≈.≈.≈≈#......##.#
#≈≈≈.≈≈≈#......##.#
#≈≈≈.≈≈≈#......##.#


You could see Pikel.

Vanquished Creatures
  An orc warrior (D:4)
  A black bear (D:5)
  An ogre (D:5)
  3 lemures
  A centaur (D:5)
  A phantom (D:4)
  A water moccasin zombie (D:5)
  A howler monkey (D:5)
  A centaur zombie (D:5)
  2 bullfrog zombies (D:5)
  2 hounds
  6 orc priests
  A bullfrog skeleton (D:5)
  A centaur skeleton (D:5)
  Jessica (D:2)
  Terence (D:2)
  A scorpion zombie (D:5)
  Natasha (thrice) (D:2)
  An orc wizard (D:5)
  A hound zombie (D:5)
  2 hound skeletons (D:4)
  3 gnolls (D:4)
  4 adders
  An ufetubus (D:5)
  An adder skeleton (D:4)
  2 worms
  5 dart slugs
  16 orcs
  6 endoplasms
  4 giant cockroaches (D:1)
  3 goblins
  6 hobgoblins
  5 jackals
  6 kobolds
  5 quokkas
  8 ball pythons
  4 bats
  3 rats
115 creatures vanquished.

Vanquished Creatures (others)
  3 fungi (D:1)
  4 toadstools (D:1)
  3 withered plants (D:5)
10 creatures vanquished.

Grand Total: 125 creatures vanquished

Notes
Turn   | Place    | Note
-------+----------+-------------------------------------------
     0 | D:1      | Decritt the Deep Elf Conjurer began the quest for the Orb.
     0 | D:1      | Reached XP level 1. HP: 10/10 MP: 6/6
   209 | D:1      | Reached XP level 2. HP: 6/15 MP: 2/8
   808 | D:1      | Found Beicvus's Antique Weapon Emporium.
  1185 | D:2      | Reached XP level 3. HP: 20/20 MP: 7/9
  1252 | D:2      | Noticed Terence
  1261 | D:2      | Killed Terence
  1262 | D:2      | Reached skill level 1 in Fighting
  1262 | D:2      | Reached skill level 5 in Conjurations
  1556 | D:2      | Reached XP level 4. HP: 25/25 MP: 7/11
  1601 | D:2      | Noticed Natasha
  1605 | D:2      | Killed Natasha
  1823 | D:2      | Found a faded altar of an unknown god.
  1882 | D:2      | Noticed Natasha
  1887 | D:2      | Killed Natasha
  1959 | D:2      | Noticed Natasha
  1963 | D:2      | Killed Natasha
  1964 | D:2      | Reached XP level 5. HP: 26/29 MP: 8/13
  2079 | D:2      | Noticed Jessica
  2084 | D:2      | Killed Jessica
  2821 | D:3      | Found a radiant altar of Vehumet.
  2832 | D:3      | Became a worshipper of Vehumet
  2840 | D:3      | Learned a level 2 spell: Searing Ray
  3449 | D:3      | Reached skill level 6 in Conjurations
  3927 | D:4      | Reached XP level 6. HP: 36/36 MP: 8/14
  4549 | D:4      | Reached * piety under Vehumet
  4549 | D:4      | Offered knowledge of Shock by Vehumet.
  5090 | D:4      | Found a blossoming altar of Fedhas.
  5288 | D:4      | Reached XP level 7. HP: 38/41 MP: 8/15
  5424 | D:4      | Found a glowing golden altar of the Shining One.
  5498 | D:5      | Entered Level 5 of the Dungeon
  5509 | D:5      | Reached skill level 7 in Conjurations
  5737 | D:4      | Reached skill level 5 in Dodging
  6254 | D:5      | Got First Steps in Witchcraft
  6416 | D:5      | Noticed Pikel
  7456 | D:5      | Found a runed translucent gate.
  7456 | D:5      | Found a runed translucent gate.
  7460 | D:5      | Found a runed translucent gate.
  7462 | D:5      | Noticed Zigma's ghost (novice OpTm)
  7478 | D:5      | Reached XP level 8. HP: 43/48 MP: 12/16
  7532 | D:5      | Reached skill level 8 in Conjurations
  7714 | D:5      | Learned a level 1 spell: Shock
  7722 | D:5      | Found a hide-covered altar of Uskayaw.
  8541 | D:4      | HP: 1/48 [Pikel (2)]
  8542 | D:4      | Slain by Pikel

Illustrated notes

Levels and vault maps discovered:
D:1:      dpeg_arrival_shrine, layout_rooms, serial_shops,
          nicolae_shop_hallway_stairs, hex_medium, minmay_misc_feat_alley,
          minmay_gold_behind_fungi, minmay_misc_feat_columns,
          nrook_loot_triangle, minmay_misc_feat_diagonals,
          chequers_decorated_corner, minmay_curled_crystal
D:2:      layout_loops_ring, ebering_ecumenical_altar_rust, st_stairs_4,
          uniq_jessica, uniq_natasha, uniq_terence
D:3:      layout_basic, mainiacjoe_overflow_chevrons, kennysheep_generic_room_15
D:4:      minmay_door_path, layout_basic, mainiacjoe_overflow_tiny_flanked,
          lemuel_coloured_pillars_altar, chequers_serial_rivers_large_a,
          kennysheep_generic_room_9
D:5:      layout_gridville, nicolae_overflow_hidden_temple,
          eat_drink_and_be_merry_uskayaw, gammafunk_ghost_split, serial_undead,
          serial_undead_f, serial_undead_f, serial_undead_b, serial_undead_b,
          guppyfry_early_orc_mine, uniq_pikel

Skill      XL: |  1  2  3  4  5  6  7  8 |
---------------+-------------------------+-----
Dodging        | 3 4 5 |  5.9
Fighting       | 1 2 3 4 |  4.8
Conjurations   | 5 6 7 8 |  8.3
Spellcasting   | 4 |  4.2
Stealth        | |  2.4

Action                   |  1- 3 |  4- 6 |  7- 9 || total
-------------------------+-------+-------+-------++-------
Melee: Club              |     8 |       |       ||     8
       Staff             |       |    14 |       ||    14
 Cast: Magic Dart        |    58 |   141 |    62 ||   261
       Searing Ray       |       |     6 |    20 ||    26
       Shock             |       |       |    26 ||    26
  Use: Scroll            |       |       |     8 ||     8
Armor: Robe              |     3 |     4 |    15 ||    22
Dodge: Dodged            |     9 |    24 |    96 ||   129

Table legend: (Time is in decaauts)
 A = Elapsed time spent in this place.
 B = Non-inter-level travel time spent in this place.
 C = Inter-level travel time spent in this place.
 D = Time resting spent in this place.
 E = Time spent auto-exploring this place.
 F = Levels seen in this place.
 G = Mean time per level.
                   A        B        C        D        E       F      G
               +--------+--------+--------+--------+--------+-----+--------+
         Total |   8553 |   8420 |    133 |   3911 |   3497 |   5 | 1710.6 |
       Dungeon |   8553 |   8420 |    133 |   3911 |   3497 |   5 | 1710.6 |
               +--------+--------+--------+--------+--------+-----+--------+

Top non-repeatable levels by time:
     D:4: 3338 daAuts
     D:3: 1504 daAuts
     D:5: 1319 daAuts
     D:2: 1307 daAuts
     D:1: 1083 daAuts
